 Dungeon Crawl Stone Soup version 0.31-a0-152-g6aa68a64a1 (webtiles) character file.

Game seed: 14449765565376405419

1629 qw the Skirmisher (level 8, -3/72 (76) HPs)
             Began as a Naga Hunter on June 9, 2023.
             Slain by a wight
             ... wielding a +0 great sword
              (4 damage)
             ... on level 6 of the Dungeon.
             The game lasted 00:01:43 (3710 turns).

qw the Skirmisher (Naga Hunter)                     Turns: 3710, Time: 00:01:44

HP:   -3/72 (76)    AC:  8    Str: 13    XL:     8   Next: 97%
MP:   8/8           EV:  9    Int:  9    God:
Gold: 74            SH:  0    Dex: 18    Spells: 7/7 levels left

rFire   + . .        Y - +0 arbalest
rCold   . . .        (shield currently unavailable)
rNeg    . . .        f - +3 ring mail {rF+}
rPois   +            (no helmet)
rElec   .            (no cloak)
rCorr   +            (no gloves)
SInv    +            (no barding)
Will    +....        (no amulet)
Stlth   +            e - ring of resist corrosion
HPRegen 0.32/turn    d - +4 ring of slaying {mikee}
MPRegen 0.11/turn

%: no passive effects
@: drained, very slow
A: AC +2, large, see invisible, deformed body, poison resistance, slowness 2,
spit poison 1, naga tail 1
a: Spit Poison


You were on level 6 of the Dungeon.
You visited 2 branches of the dungeon, and saw 7 of its levels.

You collected 314 gold pieces.
You spent 240 gold pieces at shops.


Innate Abilities, Weirdness & Mutations

Your serpentine skin is tough. (AC +2)
You have supernaturally acute eyesight. (SInv)
Armour fits poorly on your strangely shaped body.
Your system is resistant to poisons. (rPois)
You cover ground very slowly.
You can spit poison.
You have a snake-like lower body.


   Skills:
 + Level 5.8 Fighting
 - Level 9.0 Ranged Weapons
 - Level 1.1 Armour
 - Level 2.8 Dodging
 - Level 1.5 Stealth


You had 7 spell levels left.
You didn't know any spells.
Your spell library was empty.

Inventory:

Hand Weapons
 Y - a +0 arbalest (weapon)
Armour
 f - a +3 ring mail of fire resistance (worn)
Jewellery
 d - a +4 ring of slaying (right hand) {mikee}
 e - a ring of resist corrosion (left hand)
 l - a ring of positive energy
Scrolls
 a - a scroll of identify
Potions
 b - a potion of cancellation
 h - 3 potions of might
 i - a potion of curing
 j - a potion of haste {unknown}

Dungeon Overview and Level Annotations

Branches:
Dungeon (6/15)             Temple (1/1) D:4

Altars:
Cheibriados
Dithmenos
Elyvilon
Fedhas
Hepliaklqana
Kikubaaqudgha
Makhleb
Nemelex Xobeh
Qazlal
Ru
Trog
Uskayaw
Vehumet
Wu Jian
Xom
Zin
The Shining One

Shops:
D:5 *


Message History

You feel drained.
You shoot a bolt. The bolt hits the wight.
The wight is severely damaged.
The iguana closely misses you. The wight barely misses you.
The wight hits you with a +0 great sword!
The wight closely misses you.
The iguana bites you but does no damage.
The wight hits you but does no damage.
You shoot a bolt. The bolt hits the wight.
The wight is almost destroyed.
The iguana barely misses you. The wight hits you with a +0 flail!
The wight hits you with a +0 great sword!
You feel drained.
3706 ||| DRINKING potion of heal wounds.
You feel much better. The iguana closely misses you.
The wight barely misses you. The wight hits you but does no damage.
You shoot a bolt. The bolt hits the wight!
You destroy the wight!
You have got your breath back.
The iguana bites you.
The wight hits you with a +0 great sword!
The iguana bites you.
3708 ||| INVOKING Spit Poison.
Aiming: Spit Poison (1% risk of failure)
Press: ? - help, Shift-Dir - straight line, f - iguana The splash of poison hits the iguana.
The iguana looks even sicker.
The iguana is severely wounded.
The iguana closely misses you. The wight closely misses you.
The wight hits you but does no damage.
You shoot a bolt. The bolt hits the iguana!
You kill the iguana!
The wight closely misses you. The wight barely misses you.
The wight hits you with a +0 great sword!
You feel drained. The wight barely misses you.
You shoot a bolt. The bolt closely misses the wight.
You have got your breath back.
The wight completely misses you.
The wight hits you with a +0 great sword.
You die...

....... .....# # #
####..... .# ..
........# .#)..
..........)..
........#).#
#..$..zz..# #.# #@#
#.## #.# ..####..###.##
.............#
#.###.#..###..# #.#
#.#..# #(...#
#..##.###>#..###.####~#
...#.............##~.~
...#..##..........# ..#


You could see 2 wights.

Vanquished Creatures
  Sigmund (D:2)
  Eustachio (D:5)
  Menkaure (D:5)
  A water moccasin (D:5)
  A black bear (D:5)
  An ogre (D:4)
  A phantom (D:5)
  Blork the orc (D:5)
  A bullfrog (D:5)
  A scorpion (D:4)
  2 wights (D:6)
  2 hounds
  A sleepcap (D:5)
  Ijyb (D:4)
  3 iguanas
  Natasha (thrice) (D:4)
  3 orc wizards (D:5)
  8 gnolls
  4 adders
  A white imp (D:5)
  2 worms
  3 dart slugs
  3 orcs
  9 endoplasms
  3 giant cockroaches
  9 goblins
  8 hobgoblins
  14 jackals
  4 quokkas
  5 ball pythons
  4 bats
  5 frilled lizards
  9 kobolds
  4 rats
120 creatures vanquished.

Notes
Turn   | Place    | Note
-------+----------+-------------------------------------------
     0 | D:1      | qw the Naga Hunter began the quest for the Orb.
     0 | D:1      | Reached XP level 1. HP: 19/19 MP: 1/1
     0 | D:1      | 0 ||| qw: Version: 0.2-a-122-gbc61b45
     0 | D:1      | 0 ||| qw: Game counter: 3452
     0 | D:1      | 0 ||| qw: Always use a shield: true
     0 | D:1      | 0 ||| qw: God list: Okawaru
     0 | D:1      | 0 ||| qw: Allow faded altars: false
     0 | D:1      | 0 ||| qw: Do Orc after D:15 true
     0 | D:1      | 0 ||| qw: Do second Lair branch before Depths: true
     0 | D:1      | 0 ||| qw: Lair rune preference: random
     0 | D:1      | 0 ||| qw: Plans: Normal
     0 | D:1      | 0 ||| PLANNING D:1-11
     6 | D:1      | 6 ||| INVOKING Spit Poison.
    14 | D:1      | 14 ||| INVOKING Spit Poison.
    79 | D:1      | 79 ||| INVOKING Spit Poison.
    82 | D:1      | Reached skill level 4 in Ranged Weapons
    82 | D:1      | Reached XP level 2. HP: 26/26 MP: 2/2
    97 | D:1      | 97 ||| INVOKING Spit Poison.
   101 | D:1      | 101 ||| INVOKING Spit Poison.
   114 | D:1      | 114 ||| INVOKING Spit Poison.
   118 | D:1      | 118 ||| INVOKING Spit Poison.
   143 | D:1      | 143 ||| INVOKING Spit Poison.
   209 | D:1      | 209 ||| INVOKING Spit Poison.
   252 | D:1      | 252 ||| INVOKING Spit Poison.
   253 | D:1      | 253 ||| INVOKING Spit Poison.
   259 | D:1      | 259 ||| INVOKING Spit Poison.
   274 | D:1      | 274 ||| INVOKING Spit Poison.
   286 | D:1      | Reached XP level 3. HP: 31/32 MP: 3/3
   286 | D:1      | 286 ||| INVOKING Spit Poison.
   290 | D:1      | 290 ||| INVOKING Spit Poison.
   327 | D:1      | 327 ||| INVOKING Spit Poison.
   332 | D:1      | 332 ||| INVOKING Spit Poison.
   386 | D:1      | 386 ||| INVOKING Spit Poison.
   393 | D:1      | 393 ||| INVOKING Spit Poison.
   399 | D:1      | 399 ||| INVOKING Spit Poison.
   436 | D:1      | 436 ||| INVOKING Spit Poison.
   502 | D:1      | 502 ||| INVOKING Spit Poison.
   509 | D:1      | 509 ||| INVOKING Spit Poison.
   589 | D:1      | 589 ||| INVOKING Spit Poison.
   613 | D:1      | 613 ||| INVOKING Spit Poison.
   643 | D:1      | 643 ||| INVOKING Spit Poison.
   667 | D:1      | 667 ||| INVOKING Spit Poison.
   703 | D:1      | 703 ||| UPGRADING to ring of resist corrosion.
   704 | D:1      | 704 ||| READING 3 scrolls labelled BOUTES NEMIOSSYQ.
   705 | D:1      | 705 ||| READING scroll labelled JETUICR SAASK.
   706 | D:1      | 706 ||| READING scroll labelled WEPUORR ODAHIT.
   711 | D:1      | 711 ||| READING 2 scrolls of identify.
   711 | D:1      | 711 ||| IDENTIFYING sapphire potion
   712 | D:1      | 712 ||| DROPPING scroll of butterflies.
   728 | D:2      | 728 ||| INVOKING Spit Poison.
   765 | D:2      | Noticed Sigmund
   767 | D:2      | 767 ||| INVOKING Spit Poison.
   770 | D:2      | Killed Sigmund
   771 | D:2      | Reached skill level 6 in Ranged Weapons
   771 | D:2      | Reached XP level 4. HP: 26/39 MP: 4/4
   771 | D:2      | Reached XP level 5. HP: 30/45 MP: 5/5
   876 | D:2      | 876 ||| INVOKING Spit Poison.
   879 | D:2      | 879 ||| INVOKING Spit Poison.
   882 | D:2      | 882 ||| STAIRDANCE
   886 | D:1      | 886 ||| INVOKING Spit Poison.
   925 | D:2      | 925 ||| INVOKING Spit Poison.
   993 | D:2      | 993 ||| INVOKING Spit Poison.
   994 | D:2      | Reached XP level 6. HP: 52/52 MP: 6/6
  1003 | D:2      | 1003 ||| INVOKING Spit Poison.
  1006 | D:2      | 1006 ||| INVOKING Spit Poison.
  1014 | D:2      | 1014 ||| INVOKING Spit Poison.
  1020 | D:2      | 1020 ||| INVOKING Spit Poison.
  1025 | D:2      | 1025 ||| INVOKING Spit Poison.
  1028 | D:2      | 1028 ||| INVOKING Spit Poison.
  1041 | D:2      | You fall into a shaft and drop 2 floors!
  1053 | D:4      | 1053 ||| INVOKING Spit Poison.
  1054 | D:4      | Noticed Natasha
  1062 | D:4      | 1062 ||| Stepping ~*~*~tactically~*~*~ (outnumbered).
  1065 | D:4      | 1065 ||| INVOKING Spit Poison.
  1065 | D:4      | Killed Natasha
  1072 | D:4      | 1072 ||| INVOKING Spit Poison.
  1075 | D:4      | 1075 ||| INVOKING Spit Poison.
  1086 | D:4      | 1086 ||| INVOKING Spit Poison.
  1092 | D:4      | Reached skill level 3 in Fighting
  1125 | D:4      | 1125 ||| SWAPPING to +0 arbalest.
  1127 | D:4      | 1127 ||| INVOKING Spit Poison.
  1129 | D:4      | 1129 ||| DROPPING +0 shortbow.
  1147 | D:4      | 1147 ||| INVOKING Spit Poison.
  1175 | D:4      | Found a staircase to the Ecumenical Temple.
  1176 | D:4      | 1176 ||| PLANNING TEMPLE
  1176 | D:4      | 1176 ||| READING 3 scrolls of identify.
  1176 | D:4      | 1176 ||| IDENTIFYING metallic emerald potion
  1183 | Temple   | Entered the Ecumenical Temple
  1339 | Temple   | 1339 ||| PLANNING D:1-11
  1380 | D:4      | Noticed Ijyb
  1384 | D:4      | 1384 ||| INVOKING Spit Poison.
  1384 | D:4      | Killed Ijyb
  1407 | D:4      | 1407 ||| UPGRADING to +3 ring mail of fire resistance.
  1417 | D:4      | 1417 ||| DROPPING +0 leather armour.
  1418 | D:4      | 1418 ||| READING 2 scrolls of identify.
  1418 | D:4      | 1418 ||| IDENTIFYING amethyst potion
  1419 | D:4      | 1419 ||| DROPPING potion of attraction.
  1440 | D:3      | 1440 ||| INVOKING Spit Poison.
  1477 | D:3      | 1477 ||| INVOKING Spit Poison.
  1480 | D:3      | 1480 ||| INVOKING Spit Poison.
  1485 | D:3      | 1485 ||| INVOKING Spit Poison.
  1488 | D:3      | 1488 ||| INVOKING Spit Poison.
  1498 | D:3      | 1498 ||| FLEEEEING.
  1499 | D:3      | 1499 ||| STAIRDANCE
  1594 | D:2      | 1594 ||| INVOKING Spit Poison.
  1698 | D:2      | 1698 ||| INVOKING Spit Poison.
  1814 | D:2      | 1814 ||| READING scroll labelled YDIHAE EMYUNGE.
  1815 | D:2      | 1815 ||| READING 2 scrolls of identify.
  1815 | D:2      | 1815 ||| IDENTIFYING bubbling amethyst potion
  1887 | D:3      | 1887 ||| INVOKING Spit Poison.
  1997 | D:3      | 1997 ||| INVOKING Spit Poison.
  2000 | D:3      | 2000 ||| INVOKING Spit Poison.
  2059 | D:3      | 2059 ||| INVOKING Spit Poison.
  2124 | D:3      | 2124 ||| INVOKING Spit Poison.
  2167 | D:3      | 2167 ||| INVOKING Spit Poison.
  2255 | D:3      | 2255 ||| UPGRADING to +4 ring of slaying {mikee}.
  2256 | D:3      | 2256 ||| READING scroll labelled WAXTER XIABA.
  2257 | D:3      | 2257 ||| READING 2 scrolls labelled PUHA CINUGUKI.
  2258 | D:3      | 2258 ||| READING scroll labelled MIRRET ABILIM.
  2259 | D:3      | 2259 ||| READING scroll labelled TEOZIEZ ZAUNG.
  2260 | D:3      | 2260 ||| DRINKING 2 bubbling purple potions.
  2261 | D:3      | 2261 ||| READING 2 scrolls of identify.
  2261 | D:3      | 2261 ||| IDENTIFYING black potion
  2262 | D:3      | 2262 ||| DROPPING potion of degeneration.
  2263 | D:3      | 2263 ||| DROPPING scroll of blinking.
  2278 | D:4      | 2278 ||| INVOKING Spit Poison.
  2291 | D:4      | 2291 ||| INVOKING Spit Poison.
  2295 | D:4      | Noticed Natasha
  2296 | D:4      | 2296 ||| INVOKING Spit Poison.
  2300 | D:4      | 2300 ||| Stepping ~*~*~tactically~*~*~ (outnumbered).
  2301 | D:4      | 2301 ||| Stepping ~*~*~tactically~*~*~ (outnumbered).
  2304 | D:4      | 2304 ||| INVOKING Spit Poison.
  2306 | D:4      | Killed Natasha
  2307 | D:4      | Reached skill level 1 in Armour
  2307 | D:4      | 2307 ||| INVOKING Spit Poison.
  2310 | D:4      | 2310 ||| INVOKING Spit Poison.
  2313 | D:4      | 2313 ||| INVOKING Spit Poison.
  2315 | D:4      | Reached XP level 7. HP: 35/64 MP: 7/7
  2376 | D:4      | 2376 ||| FLEEEEING.
  2380 | D:4      | 2380 ||| STAIRDANCE
  2434 | D:4      | 2434 ||| INVOKING Spit Poison.
  2442 | D:4      | 2442 ||| INVOKING Spit Poison.
  2443 | D:4      | Reached skill level 7 in Ranged Weapons
  2460 | D:4      | Noticed Natasha
  2461 | D:4      | 2461 ||| Stepping ~*~*~tactically~*~*~ (outnumbered).
  2463 | D:4      | 2463 ||| INVOKING Spit Poison.
  2465 | D:4      | Killed Natasha
  2473 | D:4      | 2473 ||| INVOKING Spit Poison.
  2560 | D:4      | 2560 ||| INVOKING Spit Poison.
  2564 | D:4      | 2564 ||| INVOKING Spit Poison.
  2893 | D:4      | 2893 ||| DROPPING +1 leather armour of fire resistance.
  2931 | D:5      | Entered Level 5 of the Dungeon
  2945 | D:5      | Noticed Eustachio
  2946 | D:5      | 2946 ||| INVOKING Spit Poison.
  2950 | D:5      | 2950 ||| INVOKING Spit Poison.
  2954 | D:5      | 2954 ||| INVOKING Spit Poison.
  2957 | D:5      | 2957 ||| INVOKING Spit Poison.
  2962 | D:5      | 2962 ||| INVOKING Spit Poison.
  2965 | D:5      | 2965 ||| INVOKING Spit Poison.
  2969 | D:5      | 2969 ||| INVOKING Spit Poison.
  2971 | D:5      | Killed Eustachio
  3096 | D:5      | 3096 ||| INVOKING Spit Poison.
  3100 | D:5      | 3100 ||| INVOKING Spit Poison.
  3103 | D:5      | Reached skill level 8 in Ranged Weapons
  3103 | D:5      | Reached XP level 8. HP: 72/72 MP: 8/8
  3103 | D:5      | 3103 ||| INVOKING Spit Poison.
  3132 | D:5      | 3132 ||| INVOKING Spit Poison.
  3173 | D:5      | Noticed Blork the orc
  3175 | D:5      | 3175 ||| INVOKING Spit Poison.
  3176 | D:5      | Killed Blork the orc
  3225 | D:5      | Noticed Menkaure
  3231 | D:5      | Killed Menkaure
  3235 | D:5      | 3235 ||| INVOKING Spit Poison.
  3239 | D:5      | 3239 ||| INVOKING Spit Poison.
  3296 | D:5      | 3296 ||| INVOKING Spit Poison.
  3299 | D:5      | 3299 ||| INVOKING Spit Poison.
  3302 | D:5      | 3302 ||| INVOKING Spit Poison.
  3415 | D:5      | Found a shadowy altar of Dithmenos.
  3550 | D:5      | Found Sorax's Assorted Antiques.
  3555 | D:5      | 3555 ||| BUYING encrusted emerald ring (120 gold).
  3555 | D:5      | Bought an encrusted emerald ring for 120 gold pieces
  3555 | D:5      | 3555 ||| BUYING potion of might (96 gold).
  3555 | D:5      | Bought a potion of might for 96 gold pieces
  3555 | D:5      | 3555 ||| BUYING scroll labelled ILEWARH XARRI (24 gold).
  3555 | D:5      | Bought a scroll labelled ILEWARH XARRI for 24 gold pieces
  3555 | D:5      | 3555 ||| SHOPLISTING scroll of teleportation (72 gold, have
                  | 44).
  3639 | D:5      | 3639 ||| READING 2 scrolls labelled ILEWARH XARRI.
  3640 | D:5      | 3640 ||| READING scroll labelled ORHUASH MEQECWE.
  3641 | D:5      | 3641 ||| DROPPING scroll of noise.
  3690 | D:6      | 3690 ||| INVOKING Spit Poison.
  3694 | D:6      | 3694 ||| INVOKING Spit Poison.
  3696 | D:6      | Reached skill level 9 in Ranged Weapons
  3698 | D:6      | 3698 ||| INVOKING Spit Poison.
  3703 | D:6      | 3703 ||| INVOKING Spit Poison.
  3705 | D:6      | HP: 15/72 [wight/+0 great sword (7)]
  3706 | D:6      | 3706 ||| DRINKING potion of heal wounds.
  3708 | D:6      | 3708 ||| INVOKING Spit Poison.
  3709 | D:6      | HP: 3/73 [wight/+0 great sword (12)]
  3709 | D:6      | HP: 1/71 [wight/+0 great sword (2)]
  3710 | D:6      | Slain by a wight

Levels and vault maps discovered:
D:1:      spicycebolla_arrival_xxxplode, layout_loops_ring
D:2:      layout_loops_ring, uniq_sigmund
D:3:      layout_rooms
D:4:      layout_rooms, minmay_temple_entry_mini_moons, minivault_23,
          chequers_big_river, minmay_fractal_squares_diagonal_5, uniq_natasha,
          uniq_ijyb
D:5:      layout_basic, grunt_dithmenos_smoke_and_mirrors, serial_shops, shop,
          uniq_blork_the_orc, uniq_menkaure, uniq_eustachio
D:6:      layout_basic, kennysheep_orc_sif_temple, serial_aquarium,
          aquarium_bridge_square [aquarium_subvault_balcony,
          aquarium_subvault_bridge, aquarium_subvault_bridge,
          aquarium_subvault_wall], aquarium_bridge_straight
          [aquarium_subvault_bridge, aquarium_subvault_balcony,
          aquarium_subvault_bridge, aquarium_subvault_wall], aquarium_window_3,
          aquarium_window_1, aquarium_view_2e, aquarium_pool_2
Temple:   regret_index_temple_sphere_string

Skill      XL: |  1  2  3  4  5  6  7  8 |
---------------+-------------------------+-----
Ranged Weapons | 4 6 8 9 |  9.0
Fighting       | 4 5 |  5.8
Armour         | 1 |  1.1
Dodging        | 2 |  2.8
Stealth        | |  1.5

Action                     |  1- 3 |  4- 6 |  7- 9 || total
---------------------------+-------+-------+-------++-------
   Fire: Shortbow          |    66 |    45 |       ||   111
         Arbalest          |       |    46 |    94 ||   140
Ability: Spit Poison       |    28 |    39 |    28 ||    95
    Use: Scroll            |     4 |     9 |     2 ||    15
         Potion            |       |     1 |     1 ||     2
 Armour: Leather armour    |     7 |     9 |       ||    16
         Ring mail         |       |    12 |    48 ||    60
  Dodge: Dodged            |     7 |    21 |    57 ||    85

Table legend:
 A = Non-vault XP
 B = Vault XP
 C = Vault XP percentage of total XP
 D = Non-vault monster count
 E = Vault monster count
 F = Vault count percentage of total count
                 A         B        C        D         E       F
            +---------+---------+-------+---------+---------+-------
      Total |    1356 |     972 |  41.8 |     107 |      13 |  10.8
            +---------+---------+-------+---------+---------+-------
        D:1 |      82 |       0 |   0.0 |      38 |       0 |   0.0
        D:2 |      24 |     226 |  90.4 |      14 |       1 |   6.7
        D:3 |      80 |       0 |   0.0 |      16 |       0 |   0.0
        D:4 |     198 |     287 |  59.2 |      17 |       9 |  34.6
        D:5 |     727 |     459 |  38.7 |      15 |       3 |  16.7
        D:6 |     245 |       0 |   0.0 |       7 |       0 |   0.0
            +---------+---------+-------+---------+---------+-------
